Map: Oxide LE

Players

Pumba - Winner!

  • Race: Zerg Zerg
  • League: Diamond
  • Spawn Location: 1:00

BadControl

  • Race: Terran Terran
  • League: Diamond
  • Spawn Location: 7:00

VOD

Have the link to the VOD?

Description

Time

  • Played on: Aug. 10, 2021, 7:42 p.m.
  • Length: 10:06
Show
View Real Time Build Order
Export as new Build Order

Pumba Zerg - Winner!

Build Orders: Pool First, Roach Hydra 

Get SALT Encoding   

  12  0:00  Drone  
  13  0:13  Overlord  
  13  0:18  Drone  
  14  0:32  Drone x2  
  14  0:35  Drone  
  17  0:45  Spawning Pool  
  16  0:50  Drone  
  17  1:10  Hatchery  
  16  1:13  Drone  
  16  1:15  Extractor  
  16  1:20  Drone  
  16  1:21  Drone  
  18  1:32  Queen, Drone  
  21  1:40  Overlord  
  21  1:51  Drone  
  22  2:03  Drone  
  23  2:09  Queen  
  25  2:17  Zergling x2  
  26  2:25  Metabolic Boost  
  26  2:26  Drone x2  
  28  2:35  Drone  
  28  2:36  Drone  
  30  2:43  Drone x3  
  33  2:54  Overlord  
  33  3:00  Extractor  
  33  3:03  Hatchery  
  33  3:05  Drone x2  
  33  3:06  Queen  
  33  3:08  Overlord  
  36  3:26  Drone x9  
  45  3:36  Overlord  
  45  3:52  Drone x3  
  45  3:53  Drone x3  
  51  4:02  Roach Warren  
  50  4:03  Extractor  
  50  4:05  Extractor  
  50  4:06  Extractor  
  50  4:09  Lair  
  47  4:10  Drone x3  
  47  4:12  Drone x2  
  52  4:29  Queen  
  54  4:32  Overlord x4  
  54  4:34  Drone x4  
  57  4:55  Overlord  
  57  4:56  Roach x3  
  57  4:57  Roach x5  
  73  5:02  Spore Crawler  
  73  5:03  Spore Crawler  
  73  5:05  Spore Crawler  
  70  5:10  Drone x6  
  76  5:17  Overlord  
  76  5:21  Glial Reconstitution  
  76  5:22  Roach x3  
  82  5:32  Roach x6  
  94  5:45  Drone x7  
  94  5:47  Extractor  
  94  5:49  Extractor  
  99  5:51  Evolution Chamber  
  99  5:53  Evolution Chamber  
  99  5:55  Hydralisk Den  
  96  6:03  Drone x7  
  101  6:06  Overlord x2  
  101  6:27  Drone x3  
  101  6:29  Overlord x4  
  101  6:31  Zerg Ground Armor Level 1, Zerg Missile Weapons Level 1  
  104  6:32  Grooved Spines  
  104  6:38  Overseer  
  104  6:46  Roach x2  
  104  6:47  Roach x4  
  116  6:59  Hydralisk x3  
  116  7:00  Hydralisk x4  
  130  7:33  Overlord  
  130  7:36  Overlord  
  130  7:37  Overlord  
  130  7:39  Hydralisk x5  
  130  7:40  Hydralisk x6  
  152  7:46  Muscular Augments  
  152  7:50  Overlord x4  
  152  7:52  Overseer x2  
  152  7:55  Pneumatized Carapace  
  152  7:57  Overlord x2  
  152  8:12  Hatchery  
  151  8:33  Hydralisk x9  
  169  8:35  Roach x7  
  183  8:53  Hydralisk x7  
  189  9:13  Hydralisk  
  189  9:14  Hydralisk x4  
Show
View Real Time Build Order
Export as new Build Order

BadControl Terran 

Build Orders: Reaper Expand 

Get SALT Encoding   

  12  0:00  SCV  
  13  0:12  SCV  
  14  0:16  Supply Depot  
  14  0:24  SCV  
  15  0:38  SCV  
  15  0:40  Barracks  
  16  0:45  Refinery  
  16  0:50  SCV  
  17  1:02  SCV  
  18  1:14  SCV  
  19  1:30  Orbital Command  
  19  1:38  Command Center  
  19  1:41  Reaper  
  20  1:51  Supply Depot  
  20  1:55  SCV  
  21  2:07  SCV  
  22  2:12  Marine  
  23  2:19  SCV  
  24  2:26  Factory  
  24  2:31  SCV  
  25  2:39  Command Center  
  25  2:44  SCV  
  26  2:51  Barracks Reactor  
  25  3:01  SCV  
  25  3:02  Orbital Command  
  26  3:09  Refinery  
  26  3:13  SCV  
  26  3:17  Orbital Command  
  27  3:25  SCV  
  28  3:38  Hellion x2, Factory  
  28  3:41  SCV  
  33  3:46  Barracks Tech Lab  
  33  3:48  SCV  
  34  3:53  SCV, Orbital Command  
  35  4:00  SCV  
  35  4:01  Hellion x2  
  40  4:05  SCV  
  41  4:12  SCV  
  42  4:17  SCV  
  42  4:20  SCV  
  42  4:22  Hellion x2  
  48  4:24  SCV  
  49  4:31  Barracks Tech Lab  
  49  4:33  Infernal Pre-Igniter  
  49  4:36  Hellion  
  49  4:37  SCV x2  
  53  4:45  Supply Depot x2  
  53  4:48  Supply Depot  
  53  4:49  Hellion x2, SCV x2  
  53  4:50  SCV  
  60  4:55  Supply Depot  
  60  4:58  Supply Depot  
  60  5:00  Stimpack, Marine  
  60  5:05  Engineering Bay  
  60  5:06  Engineering Bay  
  63  5:07  Hellion, SCV  
  64  5:23  SCV x2, Starport  
  64  5:24  Refinery  
  64  5:26  Barracks  
  64  5:27  Barracks  
  64  5:28  Refinery, Factory Tech Lab  
  66  5:29  Marine  
  66  5:34  Siege Tank  
  70  5:35  SCV  
  70  5:36  SCV  
  70  5:37  SCV  
  70  5:42  Terran Infantry Armor Level 1, Terran Infantry Weapons Level 1  
  63  6:04  Marine  
  63  6:05  Siege Tank  
  63  6:06  SCV  
  63  6:07  SCV x2  
  67  6:15  Barracks Reactor x2  
  67  6:16  Orbital Command  
  67  6:22  Marine  
  67  6:24  SCV x2  
  70  6:39  Siege Tank  
  73  6:40  Marine  
  73  6:45  Armory  
  74  6:50  Barracks x2, SCV x3  
  74  6:52  Barracks x2, Marine x4  
  81  6:56  Siege Tank  
  81  6:57  Marine  
  85  7:05  Medivac  
  81  7:09  Marine  
  81  7:10  Marine  
  81  7:11  Refinery  
  81  7:12  Supply Depot, Refinery  
  83  7:15  Supply Depot  
  83  7:16  Supply Depot, SCV  
  83  7:17  SCV x2, Marine x2  
  83  7:18  Siege Tank  
  91  7:26  Marine  
  91  7:27  Marine  
  93  7:38  Marine x3  
  93  7:39  SCV  
  93  7:40  SCV  
  93  7:43  Barracks Tech Lab x3  
  99  7:45  Barracks Reactor  
  99  7:47  Terran Infantry Weapons Level 2  
  99  7:48  Marine  
  99  7:49  Siege Tank, Marine  
  99  7:51  SCV x2  
  104  7:55  Marine  
  104  7:56  SCV  
  107  8:01  Marine x3  
  107  8:03  SCV  
  107  8:04  SCV  
  112  8:07  Marine x3  
  112  8:08  Marine  
  112  8:09  Concussive Shells  
  112  8:11  SCV  
  117  8:15  SCV  
  118  8:20  Supply Depot  
  118  8:22  Supply Depot  
  118  8:24  Supply Depot  
  118  8:30  Supply Depot, Marine x3  
  118  8:31  Supply Depot, Marauder x2  
  125  8:40  Sensor Tower  
  125  8:42  Marauder, Marine x4  
  125  8:43  Siege Tank  
  134  8:52  Marine  
  134  8:54  Marine  
  134  8:55  Marauder, Marine  
  139  8:56  Marauder  
  139  8:58  Siege Tank  
  139  8:59  Marine  
  139  9:00  Marauder  
  136  9:03  Marine x2  
  136  9:04  Marauder  
  117  9:15  Siege Tank  
  117  9:16  Orbital Command, Marine x2  
  124  9:17  Marauder  
  124  9:18  Marauder  
  124  9:23  Marine x2  
  124  9:24  Marauder  
  120  9:25  Marauder  
  97  9:33  Marine x2  
  97  9:34  Marine  
  97  9:38  Marauder  
  68  9:39  Marauder, Marine  
Tags
 
Add a new tag
Caveats
  • Supply blocks, unpowered buildings, or Contaminate may cause inaccurate times.
  • Supply counts are checked every 10 seconds.